[Event "Titled Tuesday Blitz October 11 Late 2022"]
[White "Zochowski, Kacper"]
[Black "Aghasiyev, Kamal"]
[WhiteFideId "1125494"]
[BlackFideId "13402854"]
[WhiteElo "2292"]
[BlackElo "2341"]
[Result "0-1"]
[Round "10"]
[TimeControl "180+1"]
[Date "2022.10.11"]
[WhiteClock "0:00:04"]
[BlackClock "0:00:13"]

1. Nf3 d5 2. c4 e6 3. g3 Nf6 4. Bg2 dxc4 5. O-O c5 6. Qa4+ Bd7 7. Qxc4 Nc6 8. b3 Be7 9. Bb2 O-O 10. d3 b5 11. Qc2 Qb6 12. Nc3 Rac8 13. Rac1 Rfd8 14. e4 Be8 15. Qe2 Ng4 16. Rfd1 Bf6 17. h3 Nge5 18. Nxe5 Nxe5 19. Kh2 b4 20. Na4 Bxa4 21. bxa4 Qa6 22. f4 Nxd3 23. Bxf6 gxf6 24. Qg4+ Kf8 25. Bf1 c4 26. Bxd3 cxd3 27. Rxc8 Qxc8 28. h4 Qc4 29. e5 fxe5 30. Qg5 Rd5 31. fxe5 Qxa2+ 32. Rd2 Qxa4 33. Qh6+ Ke8 34. Qxh7 Qb3 35. Qh8+ Kd7 36. Qf6 Kc6 37. Qxf7 Rxe5 38. Qe8+ Kd5 39. Qd7+ Ke4 40. Qh7+ Ke3 41. Qh6+ Kd4 42. Qf4+ Re4 43. Qd6+ Qd5 44. Qxb4+ Ke3 45. Qb2 Qe5 46. Rg2 Rxh4+ 47. Kg1 Qxb2 48. gxh4 Qc1+ 49. Kh2 Qc7+ 50. Kh3 Kf3 51. h5 Qh7 52. Rg5 Qf5+ 53. Rxf5+ exf5 54. h6 d2 55. h7 d1=Q 56. Kh4 Qh1+ 57. Kg5 Qxh7 58. Kf6 a5 59. Ke5 a4 60. Kf6 a3 61. Kg5 a2 62. Kf6 f4 63. Kg5 Kg3 64. Kf6 f3 65. Kg5 f2 66. Kf6 f1=Q+ 67. Ke6 Qff5+ 68. Kd6 Qhd7# 0-1


[Site "https://www.chess.com"]

[Event "Titled Tuesday Blitz October 11 Late 2022"]
[White "Zomorrodian, Eilia"]
[Black "Tanenbaum, Zachary"]
[WhiteFideId "12551805"]
[BlackFideId "2060850"]
[WhiteElo "2078"]
[BlackElo "2175"]
[Result "0-1"]
[Round "10"]
[TimeControl "180+1"]
[Date "2022.10.11"]
[WhiteClock "0:00:13"]
[BlackClock "0:00:05"]

1. c4 e5 2. e3 Nf6 3. a3 Nc6 4. b4 d5 5. cxd5 Nxd5 6. Qc2 Bd6 7. Bb2 O-O 8. Nf3 Be6 9. d3 Nb6 10. Nbd2 f5 11. Be2 Qf6 12. O-O g5 13. Nc4 g4 14. Nfd2 Qh4 15. b5 Ne7 16. Nxe5 Ng6 17. g3 Qh3 18. Nxg6 hxg6 19. Rfe1 Rf7 20. Bf1 Qh5 21. Bg2 Rh7 22. Nf1 Nd7 23. a4 Ne5 24. Bxe5 Bxe5 25. Rac1 Kf7 26. d4 Bd6 27. e4 f4 28. e5 f3 29. Bh1 Bb4 30. Re3 Be7 31. Qe4 c6 32. bxc6 bxc6 33. Rxc6 Rd8 34. Rc7 Qf5 35. Bxf3 Ke8 36. Qxf5 gxf5 37. Bc6+ Kf8 38. Rd3 Bc4 39. Rd1 Bb3 40. Rd2 Rf7 41. d5 Bb4 42. Rb2 Rxc7 43. Rxb3 Bc5 44. Ne3 Bxe3 45. Rxe3 Re7 46. d6 Re6 47. Bd5 Ree8 48. Rb3 Rxe5 49. Bc6 Rxd6 50. h3 Rxc6 51. Rb8+ Kf7 52. Rb7+ Re7 53. hxg4 Rxb7 54. gxf5 Rb4 55. Kg2 Rxa4 0-1


[Site "https://www.chess.com"]

[Event "Titled Tuesday Blitz October 11 Late 2022"]
[White "Aarav Dengla"]
[Black "Vlassov, Nikolai"]
[WhiteFideId "45059756"]
[BlackFideId "4103360"]
[WhiteElo "2257"]
[BlackElo "2324"]
[Result "1/2-1/2"]
[Round "11"]
[TimeControl "180+1"]
[Date "2022.10.11"]
[WhiteClock "0:00:21"]
[BlackClock "0:00:08"]

1. e4 c5 2. Nf3 d6 3. d4 cxd4 4. Nxd4 Nf6 5. Nc3 g6 6. Be3 a6 7. f3 Nbd7 8. Qd2 Qc7 9. h4 b5 10. a3 Bb7 11. Bh6 Bxh6 12. Qxh6 d5 13. exd5 Nxd5 14. Nxd5 Bxd5 15. O-O-O Rc8 16. Qg7 Rf8 17. Bd3 Nf6 18. Rhe1 Qf4+ 19. Kb1 Rg8 20. g3 Qxd4 21. Bxb5+ axb5 22. Qxg8+ Nxg8 23. Rxd4 Bxf3 24. Re5 Bc6 25. h5 Nf6 26. hxg6 hxg6 27. c4 bxc4 28. Rxc4 Kd7 29. a4 Rh8 30. Rd4+ Ke8 31. Rc5 Bd7 32. a5 Rh1+ 33. Ka2 Be6+ 34. b3 Rh2+ 35. Ka3 Rh1 36. Kb2 Rh2+ 37. Rc2 Rxc2+ 38. Kxc2 Bd5 39. a6 e5 40. Rb4 Kd7 41. a7 Kc7 42. Rb8 Be4+ 43. Kd2 Nh5 44. g4 Nf6 45. a8=Q Bxa8 46. Rxa8 Nxg4 47. Ra7+ Kc6 48. Rxf7 Kc5 49. Rg7 Nf6 50. Rxg6 Nd5 51. Rg8 e4 52. Rc8+ Kb4 53. Rb8+ Kc5 54. Ke2 Kd4 55. b4 Kc4 56. b5 Nc3+ 57. Ke3 Nxb5 58. Kxe4 Nd6+ 59. Ke5 Kc5 60. Rb1 Nc4+ 61. Ke6 Nd2 62. Rc1+ Kd4 63. Rh1 Nc4 64. Rh4+ Kc5 65. Rh5+ Kd4 66. Rd5+ Ke4 67. Rd1 Ne3 68. Rd8 Nf5 69. Ra8 Nd4+ 70. Kd6 Nf5+ 71. Kc5 Ke5 72. Re8+ Kf6 73. Kd5 Ne7+ 74. Ke4 Ke6 75. Rd8 Nf5 76. Rd1 Nd6+ 77. Kf4 Nf7 78. Re1+ Kf6 79. Rb1 Nd6 80. Rh1 Ke6 81. Rh5 Nf7 82. Ke4 Nd6+ 83. Kd4 Nf5+ 84. Kc5 Ke5 85. Kc4 Ke6 86. Kc5 Ke5 87. Rh8 Ke4 88. Re8+ Kf4 89. Kd5 Ne3+ 90. Kd4 Nf5+ 91. Kd3 Kg5 92. Rf8 Kf4 93. Re8 Kg5 94. Re1 Kf4 95. Re4+ Kg5 96. Ra4 Kf6 97. Ke4 Nd6+ 98. Kd5 Nf5 99. Rf4 Kg5 100. Ke5 Ne7 101. Rf1 Ng6+ 102. Ke4 Ne7 103. Ke5 Ng6+ 104. Ke6 Nf4+ 105. Kf7 Kf5 106. Ra1 Ke5 107. Ra4 Nd5 108. Kg6 1/2-1/2


[Site "https://www.chess.com"]

[Event "Titled Tuesday Blitz October 11 Late 2022"]
[White "Aghasiyev, Kamal"]
[Black "Grinev, Valeriy"]
[WhiteFideId "13402854"]
[BlackFideId "14117517"]
[WhiteElo "2341"]
[BlackElo "2365"]
[Result "1-0"]
[Round "11"]
[TimeControl "180+1"]
[Date "2022.10.11"]
[WhiteClock "0:00:06"]
[BlackClock "0:00:20"]

1. d4 Nf6 2. c3 g6 3. Bg5 Bg7 4. Nd2 d6 5. e4 O-O 6. Ngf3 Nc6 7. Be2 e5 8. dxe5 Nxe5 9. Nxe5 dxe5 10. Qc2 h6 11. Be3 Ng4 12. Bc5 Re8 13. h3 b6 14. Bxg4 bxc5 15. Bxc8 Qxc8 16. O-O Rb8 17. Nc4 Qe6 18. b3 f5 19. Rad1 Red8 20. Qe2 Kh7 21. Rd3 Rxd3 22. Qxd3 fxe4 23. Qxe4 Qf5 24. Qc6 e4 25. Qxc7 Rf8 26. Qxa7 Rf7 27. Qa4 Qf4 28. Qc6 Rf5 29. Ne3 Rg5 30. b4 Bxc3 31. Qd7+ Kh8 32. bxc5 Be5 33. Qe8+ Kh7 34. Qe7+ Kh8 35. Rd1 Bc7 36. Qe8+ 1-0


[Site "https://www.chess.com"]

[Event "Titled Tuesday Blitz October 11 Late 2022"]
[White "Ambartsumova, Karina"]
[Black "Kobla, Vishal"]
[WhiteFideId "4166299"]
[BlackFideId "2078457"]
[WhiteElo "2299"]
[BlackElo "1972"]
[Result "1-0"]
[Round "11"]
[TimeControl "180+1"]
[Date "2022.10.12"]
[WhiteClock "0:00:07"]
[BlackClock "0:00:03"]

1. Nf3 d5 2. c4 e6 3. e3 Nf6 4. b3 Be7 5. Bb2 O-O 6. Qc2 c5 7. cxd5 exd5 8. d4 cxd4 9. Nxd4 Nc6 10. Nxc6 bxc6 11. Bd3 h6 12. O-O c5 13. Nd2 Be6 14. Rac1 Rc8 15. Be5 Qa5 16. Nf3 c4 17. bxc4 dxc4 18. Be2 Nd5 19. Qe4 f5 20. Qd4 Bc5 21. Qa1 c3 22. Bc4 Ba3 23. Bxd5 Bxd5 24. Rxc3 Bxf3 25. Rxc8 Rxc8 26. gxf3 g6 27. f4 Qb5 28. Qd1 Bf8 29. Qf3 Qc6 30. Qg3 Kh7 31. Rb1 Qe6 32. Rb7+ Kg8 33. Qf3 Re8 34. h3 Re7 35. Rb8 Kh7 36. Kg2 Rf7 37. Qa8 Bg7 38. Rh8+ Bxh8 39. Qxh8# 1-0


[Site "https://www.chess.com"]

[Event "Titled Tuesday Blitz October 11 Late 2022"]
[White "Aung Thant Zin"]
[Black "De Souza, Cristiano Gomes"]
[WhiteFideId "13000063"]
[BlackFideId "2151758"]
[WhiteElo "2278"]
[BlackElo "2068"]
[Result "0-1"]
[Round "11"]
[TimeControl "180+1"]
[Date "2022.10.12"]
[WhiteClock "0:00:18"]
[BlackClock "0:00:30"]

1. e4 c5 2. Nf3 d6 3. Bb5+ Bd7 4. Bxd7+ Qxd7 5. O-O Nc6 6. c3 Nf6 7. Re1 e5 8. d4 cxd4 9. cxd4 g6 10. Nc3 Bg7 11. Bg5 O-O 12. Bxf6 Bxf6 13. Nd5 Bg7 14. dxe5 Nxe5 15. Nxe5 Bxe5 16. f4 Bg7 17. Qd2 Rac8 18. Rad1 Rc6 19. b4 a6 20. a4 Rfc8 21. b5 Rc2 22. Qd3 Qg4 23. Rd2 Rc1 24. Re2 R8c4 25. h3 Qh4 26. e5 Rxe1+ 27. Rxe1 Qxe1+ 28. Kh2 Rc1 29. Ne7+ Kf8 30. Qxd6 Qg1+ 31. Kg3 Qe3+ 32. Kg4 h5+ 33. Kg5 Qg3# 0-1


[Site "https://www.chess.com"]

[Event "Titled Tuesday Blitz October 11 Late 2022"]
[White "Banzea, Alexandru-Bogdan"]
[Black "Zeynalli, Rashad"]
[WhiteFideId "1232622"]
[BlackFideId "13403320"]
[WhiteElo "2294"]
[BlackElo "2125"]
[Result "1-0"]
[Round "11"]
[TimeControl "180+1"]
[Date "2022.10.11"]
[WhiteClock "0:00:06"]
[BlackClock "0:00:03"]

1. d4 Nf6 2. Bf4 d5 3. Nf3 c5 4. e3 e6 5. Nbd2 Bd6 6. c3 Qc7 7. Bxd6 Qxd6 8. Ne5 O-O 9. Bd3 b6 10. f4 Ba6 11. Bc2 Nc6 12. g4 Ne7 13. Qf3 g6 14. h4 cxd4 15. exd4 Ne4 16. Nxe4 dxe4 17. Bxe4 Nd5 18. h5 f6 19. hxg6 fxe5 20. Rxh7 Nxf4 21. Qh1 Nxg6 22. Rh8+ Kf7 23. Bxg6+ Kxg6 24. Qh5+ Kf6 25. Rh7 Bd3 26. Qh6+ Bg6 27. Qg7+ Kg5 28. Rh5+ Kf4 29. Qxg6 e4 30. Ke2 1-0


[Site "https://www.chess.com"]

[Event "Titled Tuesday Blitz October 11 Late 2022"]
[White "Barash, Anton"]
[Black "Vujcic, Milena"]
[WhiteFideId "30935229"]
[BlackFideId "954748"]
[WhiteElo "2283"]
[BlackElo "1931"]
[Result "1-0"]
[Round "11"]
[TimeControl "180+1"]
[Date "2022.10.12"]
[WhiteClock "0:00:22"]
[BlackClock "0:00:16"]

1. e4 e5 2. Nc3 Nf6 3. f4 d5 4. fxe5 Nxe4 5. Qf3 Nxc3 6. dxc3 Be6 7. Qg3 c5 8. Bf4 Nc6 9. O-O-O Qa5 10. a3 O-O-O 11. Nf3 h6 12. h4 Be7 13. Qxg7 Rdg8 14. Bxh6 Rxg7 15. Bxg7 Rg8 16. Bh6 d4 17. c4 Bg4 18. Bf4 a6 19. h5 Qd8 20. Kb1 Bxf3 21. gxf3 Bg5 22. Bh2 Qe7 23. Re1 Be3 24. f4 Rh8 25. Bg3 Kb8 26. Bd3 Ka7 27. h6 Nd8 28. Bh4 Qxh4 29. Rxh4 Bf2 30. Reh1 Bxh4 31. Rxh4 Ne6 32. h7 Nf8 33. Rg4 Nxh7 34. Rh4 Rg8 35. Rxh7 Rg4 36. Rxf7 Rg1+ 37. Ka2 Kb6 38. e6 Ka5 39. e7 Re1 40. f5 b5 41. cxb5 axb5 42. f6 c4 43. Rf8 cxd3 44. cxd3 1-0


[Site "https://www.chess.com"]

[Event "Titled Tuesday Blitz October 11 Late 2022"]
[White "Barria Zuniga, Daniel"]
[Black "Girel, Joseph"]
[WhiteFideId "3400816"]
[BlackFideId "36033561"]
[WhiteElo "2414"]
[BlackElo "2281"]
[Result "1-0"]
[Round "11"]
[TimeControl "180+1"]
[Date "2022.10.11"]
[WhiteClock "0:00:39"]
[BlackClock "0:00:17"]

1. d4 Nf6 2. c4 e6 3. Nf3 d5 4. Nc3 dxc4 5. e3 a6 6. Bxc4 b5 7. Bb3 Bb7 8. O-O Nbd7 9. Re1 c5 10. e4 cxd4 11. Nxd4 Ne5 12. Bf4 Ng6 13. Bg3 Bc5 14. Nf3 Qb6 15. e5 Nh5 16. Ne4 Bxe4 17. Rxe4 Nxg3 18. hxg3 Bxf2+ 19. Kh2 O-O 20. Qe2 Rad8 21. Rf1 Bc5 22. Ng5 h6 23. Nxf7 Rxf7 24. Rxf7 Kxf7 25. Qh5 Rd4 26. Qf5+ Ke7 27. Qxg6 Rxe4 28. Qxg7+ Kd8 29. Qg8+ Kc7 30. Qh7+ Kb8 31. Qxe4 Bd4 32. Bxe6 Bxb2 33. Bg4 Qd4 34. Qg6 Qxe5 35. Qb6+ Ka8 36. Bf3+ 1-0


[Site "https://www.chess.com"]

[Event "Titled Tuesday Blitz October 11 Late 2022"]
[White "Besedes, Danilo"]
[Black "Petrovic, Aleksa"]
[WhiteFideId "946796"]
[BlackFideId "967629"]
[WhiteElo "2352"]
[BlackElo "2242"]
[Result "1-0"]
[Round "11"]
[TimeControl "180+1"]
[Date "2022.10.12"]
[WhiteClock "0:00:36"]
[BlackClock "0:00:08"]

1. d4 Nf6 2. Nc3 e6 3. Bf4 c5 4. e3 a6 5. Nf3 Qb6 6. Rb1 Nc6 7. Be2 d5 8. O-O cxd4 9. exd4 Be7 10. a3 O-O 11. b4 Bd7 12. Na4 Qa7 13. Nc5 Be8 14. Bd3 Nd7 15. Re1 Ndb8 16. h4 b6 17. Nb3 Nd7 18. h5 h6 19. Qd2 Nf6 20. Bxh6 gxh6 21. Qxh6 Ne4 22. Rxe4 dxe4 23. Bxe4 f5 24. Bxc6 Rf6 25. Qg5+ Kh7 26. Bxe8 Rxe8 27. Ne5 Rg8 28. Ng6 Qb7 29. g3 Rg7 30. Re1 Kg8 31. d5 Rfxg6 32. Qd2 Rg5 33. Rxe6 Rxh5 34. Qe2 Rgh7 35. Rg6+ Kf8 36. Qe6 Rf7 37. Nd4 f4 38. Qg4 Qxd5 39. Rg8# 1-0


[Site "https://www.chess.com"]

[Event "Titled Tuesday Blitz October 11 Late 2022"]
[White "Bjelobrk, Igor"]
[Black "Nasuta, Grzegorz"]
[WhiteFideId "4300726"]
[BlackFideId "1141686"]
[WhiteElo "2335"]
[BlackElo "2442"]
[Result "1-0"]
[Round "11"]
[TimeControl "180+1"]
[Date "2022.10.11"]
[WhiteClock "0:00:12"]
[BlackClock "0:00:02"]

1. Nf3 b6 2. g3 Bb7 3. Bg2 g6 4. O-O Bg7 5. c4 e6 6. d4 Ne7 7. Nc3 d6 8. e4 Nd7 9. Re1 h6 10. Qc2 a6 11. Be3 O-O 12. Rad1 f5 13. exf5 Nxf5 14. d5 e5 15. Ne4 Nc5 16. Nxc5 bxc5 17. Nd2 Bc8 18. Ne4 Rb8 19. b3 Bd7 20. h4 a5 21. Nc3 Nd4 22. Bxd4 exd4 23. Ne2 Qf6 24. Nf4 g5 25. hxg5 hxg5 26. Ne6 Rf7 27. Be4 Re7 28. Nxc7 Bg4 29. Ne6 Bxd1 30. Qxd1 a4 31. bxa4 Rb2 32. Re2 Reb7 33. Kg2 d3 34. Qxd3 Rxe2 35. Qxe2 Rb2 36. Qe3 Rxa2 37. Bd3 g4 38. Ng5 Qe5 39. Bh7+ Kf8 40. Ne6+ Ke7 41. Qb3 Qe2 42. Qb7+ Ke8 43. Nxg7+ Kf8 44. Ne6+ Ke8 45. Bg6# 1-0


[Site "https://www.chess.com"]

[Event "Titled Tuesday Blitz October 11 Late 2022"]
[White "Bogaudinov, Rushan"]
[Black "Tarnowska, Aleksandra"]
[WhiteFideId "4129288"]
[BlackFideId "1180967"]
[WhiteElo "1945"]
[BlackElo "1776"]
[Result "0-1"]
[Round "11"]
[TimeControl "180+1"]
[Date "2022.10.12"]
[WhiteClock "0:00:44"]
[BlackClock "0:00:04"]

1. a3 e5 2. b4 d5 3. Bb2 Bd6 4. e3 Nf6 5. c4 c6 6. Nf3 Nbd7 7. d4 e4 8. Ne5 O-O 9. c5 Bc7 10. Nxd7 Bxd7 11. Be2 h6 12. Nc3 a6 13. a4 Nh7 14. Qb3 Qg5 15. g3 Bg4 16. b5 Bxe2 17. Nxe2 axb5 18. axb5 Rxa1+ 19. Bxa1 Ra8 20. O-O Qh5 21. Nf4 Bxf4 22. exf4 g5 23. bxc6 bxc6 24. Qb7 Ra2 25. f5 Nf6 26. Qb8+ Kg7 27. Qe5 Qh3 28. Bc3 e3 29. Qxe3 Ng4 30. Qe5+ Nxe5 31. dxe5 Kg8 32. e6 fxe6 33. f6 Ra8 34. Be5 Qf5 35. Re1 Rf8 36. Kg2 Rxf6 37. Bxf6 Qxf6 38. Rb1 Kf7 39. Rb7+ Kg6 40. Rd7 Qd4 41. Rd6 Qxc5 42. Rxe6+ Kg7 43. Re7+ Qxe7 0-1


[Site "https://www.chess.com"]

[Event "Titled Tuesday Blitz October 11 Late 2022"]
[White "Borawski, Jakub"]
[Black "Castella Garcia, Fausto"]
[WhiteFideId "1143000"]
[BlackFideId "3501922"]
[WhiteElo "2122"]
[BlackElo "2246"]
[Result "0-1"]
[Round "11"]
[TimeControl "180+1"]
[Date "2022.10.12"]
[WhiteClock "0:00:24"]
[BlackClock "0:02:05"]

1. d4 Nf6 2. c4 e5 3. dxe5 Ng4 4. e3 Nxe5 5. Nh3 d5 6. cxd5 Bxh3 7. gxh3 Bb4+ 8. Bd2 Qxd5 9. Bxb4 Qxh1 10. Qb3 Nbc6 11. Bc5 O-O-O 12. Ba3 Nd3+ 13. Ke2 Nc1+ 0-1


[Site "https://www.chess.com"]

[Event "Titled Tuesday Blitz October 11 Late 2022"]
[White "Buchenau, Frank"]
[Black "Winterberg, Lukas"]
[WhiteFideId "4604350"]
[BlackFideId "24622702"]
[WhiteElo "2157"]
[BlackElo "2349"]
[Result "1-0"]
[Round "11"]
[TimeControl "180+1"]
[Date "2022.10.12"]
[WhiteClock "0:00:51"]
[BlackClock "0:00:03"]

1. e4 e6 2. d4 d5 3. Nd2 c5 4. Ngf3 cxd4 5. exd5 Qxd5 6. Bc4 Qd7 7. O-O Nc6 8. Nb3 a6 9. Nbxd4 Nxd4 10. Nxd4 Qc7 11. Qe2 Bd6 12. h3 Ne7 13. b3 O-O 14. Bb2 Ng6 15. Qh5 e5 16. Nf5 Nf4 17. Qg5 Bxf5 18. Qxf5 Qc6 19. f3 g6 20. Qe4 Qxe4 21. fxe4 b5 22. Bd3 Bc5+ 23. Kh2 f6 24. Rad1 Rad8 25. g3 Nxd3 26. Rxd3 Rxd3 27. cxd3 Kg7 28. Rc1 Be7 29. Rc7 Rf7 30. Rc6 a5 31. d4 exd4 32. Bxd4 Bd8 33. e5 fxe5 34. Bxe5+ Kg8 35. Kg2 Rf8 36. Bd6 Re8 37. Rc8 Kf7 38. Kf3 Ke6 39. Bf4 Kd7 40. Rb8 b4 41. Rb7+ Kc6 42. Rxh7 Re1 43. Rg7 g5 44. Bxg5 Bxg5 45. Rxg5 Ra1 46. Rxa5 Kb6 47. Ra4 Kb5 48. h4 Rf1+ 49. Kg4 Rf7 50. h5 Rg7+ 51. Kh4 Rf7 52. h6 Rf2 53. g4 Kc5 54. g5 Kd5 55. g6 Ke5 56. g7 Rg2 57. Ra8 Kf5 58. g8=Q Rh2+ 59. Kg3 Rxh6 60. Ra5+ Ke4 61. Qd5+ Ke3 62. Qg5+ 1-0


[Site "https://www.chess.com"]

[Event "Titled Tuesday Blitz October 11 Late 2022"]
[White "Carbone, Diego"]
[Black "Arnold, Ken"]
[WhiteFideId "3002179"]
[BlackFideId "2056836"]
[WhiteElo "2243"]
[BlackElo "2359"]
[Result "1-0"]
[Round "11"]
[TimeControl "180+1"]
[Date "2022.10.12"]
[WhiteClock "0:00:18"]
[BlackClock "0:00:02"]

1. d4 d5 2. c4 c6 3. Nf3 Nf6 4. e3 Bg4 5. Nc3 e6 6. h3 Bxf3 7. Qxf3 Bb4 8. Bd3 Nbd7 9. Bd2 dxc4 10. Bxc4 Nb6 11. Bb3 a5 12. a4 Nbd5 13. O-O O-O 14. e4 Ne7 15. Rad1 b6 16. Rfe1 Ra7 17. Bc2 Rd7 18. e5 Nfd5 19. Bg5 Qe8 20. Re4 Nf5 21. g4 f6 22. exf6 Nd6 23. Nxd5 cxd5 24. Re2 gxf6 25. Bh6 Rff7 26. Bd3 Rde7 27. Rc1 Qxa4 28. Rec2 Qe8 29. Rc6 e5 30. Qxd5 e4 31. Bb5 e3 32. fxe3 Rxe3 33. Rc8 Nxc8 34. Bxe8 Rxe8 35. Rf1 Ne7 36. Qe6 f5 37. gxf5 Rd8 38. Kh1 Rxd4 39. Rg1+ 1-0


[Site "https://www.chess.com"]

[Event "Titled Tuesday Blitz October 11 Late 2022"]
[White "Carlsen, Magnus"]
[Black "Lazavik, Denis"]
[WhiteFideId "1503014"]
[BlackFideId "13515110"]
[WhiteElo "2830"]
[BlackElo "2437"]
[Result "1-0"]
[Round "11"]
[TimeControl "180+1"]
[Date "2022.10.11"]
[WhiteClock "0:00:26"]
[BlackClock "0:00:05"]

1. g4 d5 2. h3 e5 3. d3 Nc6 4. Bg2 Be6 5. a3 Qd7 6. b4 f6 7. Bb2 Nge7 8. Nf3 h5 9. g5 O-O-O 10. Nbd2 Ng6 11. e3 Bd6 12. c4 Qf7 13. c5 Be7 14. b5 Nb8 15. Qc2 d4 16. O-O-O Bd5 17. h4 Nd7 18. Bh3 Kb8 19. gxf6 gxf6 20. exd4 exd4 21. Bxd7 Rxd7 22. Rhe1 Qf8 23. c6 Rd8 24. Qa4 Nf4 25. Kc2 Bc5 26. Nxd4 Bb6 27. cxb7 Bxb7 28. N2b3 Ng2 29. Re6 Rd6 30. Rxd6 Qxd6 31. Nc6+ Bxc6 32. bxc6 Ka8 33. d4 Nf4 34. Qc4 Nd5 35. Re1 Rd8 36. Bc1 Qh2 37. Qxd5 Qxf2+ 38. Bd2 Rb8 39. Qc4 Qxh4 40. a4 Qg4 41. a5 Qf5+ 42. Qd3 Qd5 43. axb6 Qd6 44. b7+ 1-0


[Site "https://www.chess.com"]

[Event "Titled Tuesday Blitz October 11 Late 2022"]
[White "Chigaev, Maksim"]
[Black "Bilych, Olexiy"]
[WhiteFideId "4108116"]
[BlackFideId "14156504"]
[WhiteElo "2537"]
[BlackElo "2320"]
[Result "1-0"]
[Round "11"]
[TimeControl "180+1"]
[Date "2022.10.11"]
[WhiteClock "0:00:19"]
[BlackClock "0:00:07"]

1. Nf3 d5 2. c4 d4 3. b4 f6 4. e3 e5 5. c5 a5 6. Qa4+ Bd7 7. b5 Bxc5 8. Bc4 Na6 9. exd4 exd4 10. O-O Nh6 11. Re1+ Kf8 12. d3 Nf5 13. Nbd2 Bb4 14. Ba3 c5 15. bxc6 Bxc6 16. Bb5 Qd7 17. Bxc6 Qxc6 18. Qxa5 Bxa3 19. Qxa3+ Qd6 20. Qa4 Kf7 21. Qc4+ Kg6 22. Re6 Qc5 23. Ne5+ Kh5 24. g4+ Kh4 25. gxf5 fxe5 26. Nf3+ Kg4 27. Nxe5+ Kxf5 28. Re1 Rhe8 29. Rxe8 Qa5 30. Qf7+ Kg5 31. Qxg7+ Kh4 32. Nf3+ Kh5 33. R1e5+ Qxe5 34. Rxe5# 1-0


[Site "https://www.chess.com"]

[Event "Titled Tuesday Blitz October 11 Late 2022"]
[White "D`Arruda, Ricardo D."]
[Black "Osmonbekov, Talaibek"]
[WhiteFideId "100692"]
[BlackFideId "2017253"]
[WhiteElo "2425"]
[BlackElo "2135"]
[Result "1-0"]
[Round "11"]
[TimeControl "180+1"]
[Date "2022.10.12"]
[WhiteClock "0:00:23"]
[BlackClock "0:00:01"]

1. d4 e6 2. e4 d5 3. Nc3 dxe4 4. Nxe4 Nf6 5. Nxf6+ Qxf6 6. Nf3 h6 7. Bd3 c5 8. O-O Nc6 9. Be3 cxd4 10. Nxd4 Bd7 11. Nb5 Rc8 12. Nxa7 Nxa7 13. Bxa7 Bc6 14. c3 Be7 15. Qg4 O-O 16. Bd4 e5 17. Be3 b5 18. a3 Ra8 19. Rad1 Ra4 20. Qf5 Qxf5 21. Bxf5 Bxa3 22. bxa3 Rxa3 23. Bc5 Rxc3 24. Bxf8 Kxf8 25. Rc1 b4 26. Rxc3 bxc3 27. Rc1 Bd5 28. Rxc3 Ke7 29. Rc5 Kd6 30. Rxd5+ Kxd5 31. f3 g6 32. Bc2 Kd4 33. Kf2 f5 34. Bb3 e4 35. f4 g5 36. g3 Kd3 37. Be6 gxf4 38. gxf4 Kd2 39. Bc4 Kc3 40. Ba6 Kd2 41. Bb5 e3+ 42. Kf3 h5 43. h4 1-0


[Site "https://www.chess.com"]

[Event "Titled Tuesday Blitz October 11 Late 2022"]
[White "Diaz Rosas, Julio Cesar"]
[Black "Sztokbant, Bernardo Vainzoff"]
[WhiteFideId "5105099"]
[BlackFideId "2115956"]
[WhiteElo "2246"]
[BlackElo "2171"]
[Result "1-0"]
[Round "11"]
[TimeControl "180+1"]
[Date "2022.10.12"]
[WhiteClock "0:00:14"]
[BlackClock "0:00:02"]

1. d4 Nf6 2. c4 c6 3. d5 d6 4. Nc3 e6 5. e4 exd5 6. exd5 Be7 7. Bd3 O-O 8. Nge2 Nbd7 9. O-O Ne5 10. Bc2 Nxc4 11. Nf4 Ne5 12. h3 Re8 13. Be3 Nc4 14. Bd4 c5 15. Bxf6 Bxf6 16. Nh5 g6 17. Nxf6+ Qxf6 18. Ne4 Rxe4 19. Bxe4 Nxb2 20. Qc2 Bd7 21. Rab1 Na4 22. Rxb7 Nb6 23. Re1 Re8 24. Rxa7 Bf5 25. f3 Nxd5 26. Qd2 Bxe4 27. fxe4 Nf4 28. Rd7 Re6 29. a4 Qg5 30. Kh1 d5 31. Rxd5 Qg3 32. Rd8+ Kg7 33. Re3 Qg5 34. a5 c4 35. Rf3 Nxh3 36. Qd4+ 1-0


[Site "https://www.chess.com"]

[Event "Titled Tuesday Blitz October 11 Late 2022"]
[White "Domingo Nunez, Ruben"]
[Black "Ibarra Jerez, Jose Carlos"]
[WhiteFideId "22245570"]
[BlackFideId "2226332"]
[WhiteElo "2406"]
[BlackElo "2627"]
[Result "0-1"]
[Round "11"]
[TimeControl "180+1"]
[Date "2022.10.11"]
[WhiteClock "0:00:01"]
[BlackClock "0:00:13"]

1. c4 e5 2. Nc3 Nc6 3. g3 Bc5 4. Bg2 d6 5. a3 a6 6. e3 h5 7. h3 Ba7 8. Nge2 h4 9. g4 f5 10. gxf5 Bxf5 11. d4 Nf6 12. d5 Ne7 13. e4 Bg6 14. Qd3 Bh5 15. f4 Ng6 16. f5 Ne7 17. Bg5 Qd7 18. O-O-O O-O-O 19. Kb1 Kb8 20. Rc1 c6 21. Bf3 Bf7 22. Rhd1 cxd5 23. cxd5 Rc8 24. b3 Nh7 25. Be3 g6 26. fxg6 Bxg6 27. Bg4 Qd8 28. Bxc8 Nxc8 29. Bxa7+ Nxa7 30. Rg1 Ng5 31. Qe3 Rh5 32. Rg4 Be8 33. Rcg1 Nh7 34. Qf3 Nf6 35. Rg5 Rh8 36. Rf5 Nd7 37. Rg7 Qb6 38. Qf2 Qxb3+ 39. Kc1 Nc5 40. Rf8 Nd3+ 41. Kd2 Nxf2 42. Rxh8 Nb5 43. Rxe8+ Ka7 44. Nxb5+ Qxb5 45. Ree7 Nxe4+ 46. Ke3 Nc5 47. Kf2 Qd3 48. Rc7 Qxh3 0-1


[Site "https://www.chess.com"]

[Event "Titled Tuesday Blitz October 11 Late 2022"]
[White "Dzierzak, Radoslaw"]
[Black "Souleidis, Georgios"]
[WhiteFideId "1161407"]
[BlackFideId "4206827"]
[WhiteElo "2111"]
[BlackElo "2401"]
[Result "1-0"]
[Round "11"]
[TimeControl "180+1"]
[Date "2022.10.12"]
[WhiteClock "0:01:07"]
[BlackClock "0:01:01"]

1. e4 c6 2. Nf3 d5 3. Nc3 dxe4 4. Nxe4 Nf6 5. Qe2 Nxe4 6. Qxe4 Nd7 7. Bc4 Nf6 8. Ne5 e6 9. Qe2 b5 10. Bb3 Qc7 11. d4 Bd6 12. O-O O-O 13. Re1 a5 14. c3 c5 15. dxc5 Qxc5 16. Bg5 Nd5 17. Bh4 Qc7 18. Bg3 Rb8 19. Bxd5 exd5 20. Nf3 Bxg3 21. hxg3 Bg4 22. Rad1 Qc4 23. Rd4 Qxa2 24. Rxg4 1-0


[Site "https://www.chess.com"]

[Event "Titled Tuesday Blitz October 11 Late 2022"]
[White "Eisa Mohmood, Alkhoori"]
[Black "Aguilar, Juan"]
[WhiteFideId "9316116"]
[BlackFideId "3800091"]
[WhiteElo "1245"]
[BlackElo "2388"]
[Result "0-1"]
[Round "11"]
[TimeControl "180+1"]
[Date "2022.10.12"]
[WhiteClock "0:00:02"]
[BlackClock "0:02:25"]

1. e4 c5 2. d3 Nc6 3. Nd2 d5 4. exd5 Qxd5 5. Ngf3 Nf6 6. g3 Bg4 7. Bg2 e6 8. O-O Be7 9. h3 Bh5 10. g4 Bg6 11. Nh4 Qd7 12. Qe2 Nd4 13. Qd1 Nd5 14. Nxg6 hxg6 15. c3 Nc6 16. Nc4 Bd6 17. Re1 Nf4 18. Qc2 Nxh3+ 19. Bxh3 Rxh3 20. Kg2 Rh8 21. f3 O-O-O 22. Nxd6+ Qxd6 23. f4 Qd5+ 24. Kf1 Rh1+ 25. Ke2 Rh2+ 26. Kd1 Rxc2 27. Kxc2 c4 0-1


[Site "https://www.chess.com"]